 Dungeon Crawl Stone Soup version 0.29.1-13-g9f3cf754e1 (webtiles) character file.

Game seed: 17119774652744870295

57 bubby the Sneak (level 3, -4/18 HPs)
             Began as a Spriggan Brigand on Jan 27, 2023.
             Slain by a gnoll
             ... wielding a +0 club
              (7 damage)
             ... on level 1 of the Dungeon.
             The game lasted 00:03:13 (1048 turns).

bubby the Sneak (Spriggan Brigand)                  Turns: 1048, Time: 00:03:13

Health: -4/18      AC:  3    Str:  7    XL:     3   Next: 73%
Magic:  4/4        EV: 17    Int: 12    God:
Gold:   30         SH:  0    Dex: 18    Spells: 2/2 levels left

rFire   . . .      SeeInvis +   a - +2 dagger
rCold   . . .      Faith    .   (no shield)
rNeg    . . .      Spirit   .   b - +0 robe
rPois   .          Reflect  .   (helmet restricted)
rElec   .          Harm     .   c - +0 cloak
rCorr   .          Rampage  .   (gloves unavailable)
Will    .....                   (boots unavailable)
Stlth   ++++......              (no amulet)
HPRegen 0.06/turn               (no ring)
MPRegen 0.09/turn               (no ring)

@: very quick
A: very small, no large weapons, unfitting armour, see invisible, speed 3
a: no special abilities


You were on level 1 of the Dungeon.
You visited 1 branch of the dungeon, and saw 2 of its levels.

You collected 30 gold pieces.

Inventory:

Hand Weapons
 a - a +2 dagger (weapon)
Missiles
 d - 9 poisoned darts (quivered)
 e - 3 curare-tipped darts
Armour
 b - a +0 robe (worn)
 c - a +0 cloak (worn)
Magical Staves
 h - a staff of death
Scrolls
 f - a scroll of summoning {unknown}
 g - 3 scrolls of identify {unknown}
 i - 3 scrolls of acquirement {unknown}
 k - a scroll of fog {unknown}
 l - a scroll of teleportation {unknown}
 n - a scroll of fear {unknown}
 o - a scroll of silence {unknown}
 p - a scroll of immolation {unknown}
Potions
 j - a potion of cancellation {unknown}
 m - a potion of brilliance {unknown}


   Skills:
 + Level 2.2 Fighting
 + Level 2.9 Short Blades
 - Level 2.0 Throwing
 + Level 2.5 Dodging
 + Level 6.5 Stealth


You had 2 spell levels left.
You didn't know any spells.
Your spell library contained the following spells:

 Spells                   Type           Power      Damage    Failure   Level
 Blink                    Tloc           0%         N/A       45%         2
 Lesser Beckoning         Tloc           0%         N/A       69%         3
 Manifold Assault         Tloc           0%         N/A       100%        5


Dungeon Overview and Level Annotations

Branches:
Dungeon (2/15)

Altars:


Innate Abilities, Weirdness & Mutations

You are very small and have problems with some larger weapons.
You are too small for most types of armour.
You have supernaturally acute eyesight. (SInv)
You cover ground extremely quickly. (Speed+++)


Message History

The gnoll closely misses you.
The gnoll shouts!
You hit the gnoll.
The gnoll is almost dead.
You hear a shout!
The gnoll closely misses you. The gnoll completely misses you.
You hit the gnoll.
You kill the gnoll!
The gnoll hits you from afar with a +0 halberd.
There is a stone staircase leading up here.
You climb upwards.
There is a stone staircase leading down here.
You start resting.
HP restored.
You climb downwards.
The gnoll closely misses you.
The gnoll hits you from afar with a +0 halberd!
The gnoll misses you.
There is a stone staircase leading up here.
The gnoll barely misses you. The gnoll misses you.
You climb upwards.
There is a stone staircase leading down here.
You hit the gnoll.
The gnoll is lightly wounded.
The gnoll hits you with a +0 club.
You hit the gnoll.
The gnoll is lightly wounded.
You hit the gnoll but do no damage.
The gnoll is lightly wounded.
The gnoll misses you.
You hit the gnoll.
The gnoll is heavily wounded.
The gnoll misses you.
You barely miss the gnoll.
The gnoll is heavily wounded.
The gnoll hits you with a +0 club.
* * * LOW HITPOINT WARNING * * *
You hit the gnoll.
The gnoll is severely wounded.
The gnoll hits you with a +0 club!
You die...

.#.####....'.....#
#####
)#.####....#####.#
#...# .#.......###
#.# #.#.#
.#######.#
#.###'#+##### .###
#.#
####'##........#
...### #.#
#..............#
.....# #.#
#..............#
##.#.###.#
#......#.#.....#
#.#.....#
#...@g.#^#######
##.#######
#......#_# ...#
##########
#..###############
#...........)...[#
..##.............#
.###.............#
.# #.............#
.# #.............#


You could see a gnoll.

Vanquished Creatures
  4 gnolls (D:2)
  A worm (D:2)
  An endoplasm (D:2)
  2 hobgoblins
  A ball python (D:2)
  3 bats
  3 frilled lizards
  A goblin (D:1)
  2 kobolds (D:1)
  4 rats
22 creatures vanquished.

Notes
Turn   | Place    | Note
-------+----------+-------------------------------------------
     0 | D:1      | bubby the Spriggan Brigand began the quest for the Orb.
     0 | D:1      | Reached XP level 1. HP: 10/10 MP: 2/2
   257 | D:1      | Reached skill level 6 in Stealth
   477 | D:1      | Found a faded altar of an unknown god.
   582 | D:2      | Reached XP level 2. HP: 15/15 MP: 3/3
   587 | D:2      | Reached XP level 3. HP: 18/18 MP: 4/4
  1048 | D:1      | Slain by a gnoll

Illustrated notes

Levels and vault maps discovered:
D:1:      minmay_arrival_checkered_box, layout_basic,
          hellmonk_ecumenical_altar_leap_of_faith
D:2:      layout_loops_cross

Skill      XL: |  1  2 |
---------------+-------+-----
Stealth        | 6 |  6.5
Dodging        | 2 |  2.5
Fighting       | 2 |  2.2
Short Blades   | |  2.9
Throwing       | |  2.0

Action                   || total
-------------------------++-------
Melee: Dagger            ||    49
       Punch             ||     1
 Stab: Sleeping          ||    13
Armor: Robe              ||     1
Dodge: Dodged            ||    39
